 Dungeon Crawl Stone Soup version 0.27-a0-1590-g15f69828bf (webtiles) character file.

Game seed: 11105064820447208998

658 Sin92 the Chopper (level 7, -3/59 (61) HPs)
             Began as a Minotaur Fighter on July 18, 2021.
             Slain by a hornet zombie (10 damage)
             ... on level 7 of the Dungeon.
             The game lasted 00:04:57 (3522 turns).

Sin92 the Chopper (Minotaur Fighter)                Turns: 3522, Time: 00:04:58

HP:   -3/59 (61)    AC: 11    Str: 22    XL:     7   Next: 30%
MP:   6/6           EV:  7    Int:  5    God:
Gold: 161           SH: 10    Dex: 10    Spells: 6/6 levels left

rFire    . . .     SeeInvis .   a - +0 war axe
rCold    . . .     Faith    .   c - +0 kite shield
rNeg     . . .     Spirit   .   k - +0 chain mail {Will+}
rPois    .         Reflect  .   (helmet restricted)
rElec    .         Harm     .   e - +0 cloak
rCorr    .         Rampage  .   (no gloves)
Will     ++...                  (no boots)
Stlth    ..........             (no amulet)
HPRegen  0.19/turn              g - ring of willpower
MPRegen  0.10/turn              (no ring)

@: lightly drained
A: horns 2, retaliatory headbutt
a: no special abilities


You were on level 7 of the Dungeon.
You visited 1 branch of the dungeon, and saw 5 of its levels.

You collected 161 gold pieces.

Inventory:

Hand Weapons
 a - a +0 war axe (weapon)
Armour
 c - a +0 kite shield (worn)
 e - a +0 cloak (worn)
 k - a +0 chain mail of willpower (worn)
Jewellery
 g - a ring of willpower (left hand)
 l - a ring of magical power
Scrolls
 j - 3 scrolls of identify
Potions
 b - a potion of mutation
 i - a potion of lignification


   Skills:
 + Level 5.3 Fighting
 * Level 6.0 Axes
 + Level 5.2 Armour
 + Level 3.2 Dodging
 + Level 5.2 Shields


You had 6 spell levels left.
You didn't know any spells.
Your spell library contained the following spells:

 Spells                   Type           Power      Damage    Failure   Level
 Poisonous Vapours        Pois/Air       0%         N/A       100%        2
 Mephitic Cloud           Conj/Pois/Air  0%         N/A       100%        3
 Freezing Cloud           Conj/Ice/Air   0%         6-21      100%        5


Dungeon Overview and Level Annotations

Branches:
Dungeon (4/15)
 Temple: D:4-7

Altars:
Ashenzari


Innate Abilities, Weirdness & Mutations

You have a pair of horns on your head.
You reflexively headbutt those who attack you in melee.


Message History

You feel drained.
* * * LOW HITPOINT WARNING * * *
Found 9 gold pieces.
Your extra speed is starting to run out.
You see here 9 gold pieces.
You feel yourself slow down. You block the hornet zombie's attack.
The hornet zombie hits you but does no damage.
You block the hornet zombie's attack.
The hornet zombie hits you but does no damage.
The hornet zombie hits you!
* * * LOW HITPOINT WARNING * * *
You hit the hornet zombie but do no damage.
The hornet zombie barely misses you. You block the hornet zombie's attack.
You barely miss the hornet zombie.
You headbutt the hornet zombie, but do no damage.
You slash the bullfrog skeleton!
You block the bullfrog skeleton's attack.
The hornet zombie hits you but does no damage.
The bullfrog skeleton closely misses you.
You furiously retaliate!
You headbutt the bullfrog skeleton. The hornet zombie barely misses you.
You furiously retaliate!
You headbutt the hornet zombie. You barely miss the bullfrog skeleton.
You headbutt the bullfrog skeleton.
The bullfrog skeleton is severely damaged.
You closely miss the hornet zombie.
The bullfrog skeleton barely misses you.
You furiously retaliate!
You headbutt the bullfrog skeleton.
The hornet zombie hits you but does no damage.
The bullfrog skeleton hits you but does no damage.
The hornet zombie hits you.
* * * LOW HITPOINT WARNING * * *
You hit the bullfrog skeleton.
The bullfrog skeleton is almost destroyed.
Your shield prevents you from hitting the hornet zombie.
You block the bullfrog skeleton's attack.
The hornet zombie hits you but does no damage.
The bullfrog skeleton hits you but does no damage.
The hornet zombie hits you!
You die...

. ##.# .#. ..## ..# #.#
###########Z###########
#..........Z@.....)...#
#.....####....#...##..#
#...### #....#...###Z#
#..## #....##..###z#
#..# z....###......#
#.## ..#...# ##.....#
#.# ...#...# ###...#
#.# ... #..## ####.#
#.###.### ####....#


You could see a hornet zombie and a bullfrog skeleton.

Vanquished Creatures
  A centaur (D:7)
  A water moccasin zombie (D:7)
  A killer bee (D:7)
  4 wights
  A centaur zombie (D:7)
  Crazy Yiuf (D:2)
  An iguana (D:3)
  Jessica (D:2)
  Natasha (D:2)
  Terence (D:2)
  5 adders
  A shadow imp (D:7)
  2 dart slugs
  2 orcs
  6 ball pythons
  5 endoplasms
  14 giant cockroaches
  3 goblins
  3 hobgoblins
  9 jackals
  A quokka (D:1)
  6 bats
  6 kobolds
  5 rats
81 creatures vanquished.

Vanquished Creatures (others)
  A centaur (D:7)
  A bullfrog (D:7)
2 creatures vanquished.

Grand Total: 83 creatures vanquished

Notes
Turn   | Place    | Note
-------+----------+-------------------------------------------
     0 | D:1      | Sin92 the Minotaur Fighter began the quest for the Orb.
     0 | D:1      | Reached XP level 1. HP: 19/19 MP: 0/0
   150 | D:1      | Reached XP level 2. HP: 22/27 MP: 1/1
   401 | D:1      | Found a faded altar of an unknown god.
   526 | D:1      | Reached skill level 3 in Axes
   969 | D:2      | Reached XP level 3. HP: 28/33 MP: 2/2
  1042 | D:2      | Reached skill level 1 in Dodging
  1214 | D:2      | Noticed Jessica
  1221 | D:2      | Killed Jessica
  1222 | D:2      | Reached XP level 4. HP: 40/40 MP: 3/3
  1343 | D:2      | Noticed Terence
  1350 | D:2      | Killed Terence
  1383 | D:2      | Reached skill level 4 in Axes
  1744 | D:2      | Found a runed translucent door.
  1745 | D:2      | Noticed Crazy Yiuf
  1745 | D:2      | Noticed Natasha
  1960 | D:2      | Killed Natasha
  1961 | D:2      | Reached XP level 5. HP: 34/47 MP: 4/4
  1966 | D:2      | Killed Crazy Yiuf
  3142 | D:4      | Reached XP level 6. HP: 46/53 MP: 5/5
  3147 | D:4      | Reached skill level 5 in Axes
  3171 | D:4      | You fall into a shaft and drop 3 floors!
  3185 | D:7      | Found a broken altar of Ashenzari.
  3194 | D:7      | Reached skill level 5 in Fighting
  3384 | D:7      | Reached skill level 5 in Armour
  3384 | D:7      | Reached skill level 5 in Shields
  3391 | D:7      | Reached XP level 7. HP: 26/61 MP: 6/6
  3452 | D:7      | Reached skill level 6 in Axes
  3522 | D:7      | Slain by a hornet zombie

Illustrated notes

Levels and vault maps discovered:
D:1:      dpeg_arrival_pits, layout_basic, shapermc_ecumenical_altar_pompeii
D:2:      minmay_skewed_foursquare, layout_loops_ring, uniq_crazy_yiuf_cottage,
          uniq_terence, uniq_jessica, uniq_natasha
D:3:      minmay_roachtagon, layout_loops_corners
D:4:      layout_loops_ring, portal_sewer_entry_f
D:7:      minmay_recursive_quarters, layout_loops_ring, evilmike_ruin_ashenzari,
          nicolae_ru_awakened_eye, uniq_maggie, uniq_harold

Skill      XL: |  1  2  3  4  5  6  7 |
---------------+----------------------+-----
Axes           | 3 4 5 6 |  6.0
Fighting       | 4 5 |  5.3
Shields        | 4 5 |  5.2
Armour         | 4 5 |  5.2
Dodging        | 1 2 3 |  3.2

Action                   |  1- 3 |  4- 6 |  7- 9 || total
-------------------------+-------+-------+-------++-------
Melee: War axe           |    60 |   118 |    19 ||   197
       Headbutt          |     7 |    12 |     6 ||    25
  Use: Scroll            |     2 |     4 |       ||     6
       Potion            |       |     2 |     1 ||     3
 Stab: Invisible         |       |     2 |     4 ||     6
Armor: Scale mail        |    23 |       |       ||    23
       Chain mail        |    10 |    71 |    15 ||    96
Dodge: Dodged            |    24 |    40 |    14 ||    78
Block: Kite shield       |    28 |    71 |    20 ||   119

Table legend: (Time is in decaauts)
 A = Elapsed time spent in this place.
 B = Non-inter-level travel time spent in this place.
 C = Inter-level travel time spent in this place.
 D = Time resting spent in this place.
 E = Time spent auto-exploring this place.
 F = Levels seen in this place.
 G = Mean time per level.
                   A        B        C        D        E       F      G
               +--------+--------+--------+--------+--------+-----+--------+
         Total |   3601 |   3528 |     73 |      0 |   2844 |   5 |  720.2 |
       Dungeon |   3601 |   3528 |     73 |      0 |   2844 |   5 |  720.2 |
               +--------+--------+--------+--------+--------+-----+--------+

Top non-repeatable levels by time:
     D:2: 1353 daAuts
     D:3: 955 daAuts
     D:1: 907 daAuts
     D:7: 347 daAuts
     D:4: 38 daAuts
